 Dungeon Crawl Stone Soup version 0.28-a0-1555-g9ae15a6949 (webtiles) character file.

Game seed: 15512582047808938861

23 HallandMoats the Skirmisher (level 2, 0/26 HPs)
             Began as a Ghoul Monk on Jan 18, 2022.
             Slain by Terence (4 damage)
             ... on level 2 of the Dungeon.
             The game lasted 00:01:21 (1265 turns).

HallandMoats the Skirmisher (Ghoul Monk)            Turns: 1265, Time: 00:01:21

Health: 0/26       AC:  6    Str: 14    XL:     2   Next: 95%
Magic:  1/1        EV: 11    Int:  5    God:
Gold:   33         SH:  0    Dex: 11    Spells: 1/1 levels left

rFire   . . .      SeeInvis .     - Unarmed
rCold   + . .      Faith    .   (no shield)
rNeg    + + +      Spirit   .   f - +0 ring mail
rPois   ∞          Reflect  .   (no helmet)
rElec   .          Harm     .   e - +0 cloak
rCorr   .          Rampage  .   (no gloves)
Will    .....                   (no boots)
Stlth   +.........              (no amulet)
HPRegen 0.00/turn               (no ring)
MPRegen 0.07/turn               (no ring)

@: inhibited regen, hasted, very quick
A: claws 1, cold resistance 1, negative energy resistance 3, inhibited
regeneration, torment resistance 2
a: no special abilities


You were on level 2 of the Dungeon.
You visited 1 branch of the dungeon, and saw 2 of its levels.

You collected 33 gold pieces.

Inventory:

Armour
 e - a +0 cloak (worn)
 f - a +0 ring mail (worn)
Jewellery
 i - an amulet of the acrobat
Wands
 h - a wand of charming (10)
Scrolls
 a - a scroll of blinking {unknown}
 d - 2 scrolls of identify
 g - a scroll of noise {unknown}
Potions
 c - a potion of lignification


   Skills:
 + Level 3.5 Fighting
 * Level 1.2 Axes
 + Level 0.7 Armour
 + Level 2.9 Dodging
 - Level 2.1 Stealth
 - Level 3.2 Unarmed Combat


You had one spell level left.
You didn't know any spells.
Your spell library was empty.

Dungeon Overview and Level Annotations

Branches:
Dungeon (2/15)

Altars:

Annotations:
D:2 Terence


Innate Abilities, Weirdness & Mutations

You thrive by killing the living.
You are immune to poison.
You have sharp fingernails.
Your flesh is cold resistant. (rC+)
You are immune to negative energy. (rN+++)
You do not regenerate when monsters are visible.
You are immune to unholy pain and torment.


Message History

Terence the Incautious comes into view.
He is wielding a +0 falchion and carrying a wand of flame (25).
Terence shouts!
A bat comes into view.
There are monsters nearby!
There are monsters nearby!
Found 13 gold pieces.
Terence drinks a potion.
Terence flickers and vanishes!
Deactivating autopickup; reactivate with Ctrl-A.
The bat hits you but does no damage.
As you read the scroll labelled ENUNIQ CIE, it crumbles to dust.
It is a scroll of identify.
b - a potion of haste
As you read the scroll of identify, it crumbles to dust.
c - a potion of lignification The bat barely misses you.
You feel yourself speed up. The bat barely misses you.
The bat hits you but does no damage. The bat hits you but does no damage.
The bat hits you but does no damage.
You claw the bat!
You kill the bat!
Something hits you.
You barely miss something. Something completely misses you.
You closely miss something. You barely miss something. Something hits you.
You closely miss something. You miss something.
You hear a zap.
A puff of flame appears from out of thin air!
The puff of flame hits you but does no damage.
You miss something. Something hits you.
You closely miss something. You scratch something but do no damage.
Something hits you but does no damage.
You closely miss something. Your claw misses something. Something hits you.
You claw something! You scratch something. Something hits you.
* * * LOW HITPOINT WARNING * * *
You scratch something. You barely miss something. Something hits you.
You die...

#..#....#####.#
########..######
#.# .........>#
#.#####
.........##
#.....#
.....##..######
#####.### ....
#.......# #...#
... #.#####.#
###.# ## #.. #.#
#.# ### #@# #.#
#{# #.# #.# #.#
#.# #.#
#......$.#
######.###
#........#
#<.......#
#........#
##########
#........#
#........#


There were no monsters in sight!

Vanquished Creatures
  2 endoplasms (D:1)
  2 giant cockroaches (D:1)
  2 goblins (D:1)
  A hobgoblin (D:1)
  3 jackals (D:1)
  4 kobolds
  A quokka (D:1)
  2 bats
  A frilled lizard (D:1)
  A rat (D:1)
19 creatures vanquished.

Notes
Turn   | Place    | Note
-------+----------+-------------------------------------------
     0 | D:1      | HallandMoats the Ghoul Monk began the quest for the Orb.
     0 | D:1      | Reached XP level 1. HP: 19/19 MP: 0/0
   144 | D:1      | Reached XP level 2. HP: 21/26 MP: 1/1
   389 | D:1      | Found a faded altar of an unknown god.
   439 | D:1      | Reached skill level 1 in Axes
  1240 | D:2      | Noticed Terence
  1265 | D:2      | Slain by Terence

Illustrated notes

Levels and vault maps discovered:
D:1:      eino_arrival_cavern_a, layout_rooms,
          dreamdust_ecumenical_altar_hidden_monk_grotto,
          minmay_misc_feat_columns, skrybe_limestone_x, minivault_5,
          minmay_misc_feat_square
D:2:      layout_basic, serial_shops, nicolae_shop_trees,
          minmay_close_crescents, uniq_terence

Skill      XL: |  1  2 |
---------------+-------+-----
Axes           | 1 |  1.2
Fighting       | |  3.5
Armour         | |  0.7
Dodging        | |  2.9
Stealth        | |  2.1
Unarmed Combat | |  3.2

Action                   || total
-------------------------++-------
Melee: Unarmed           ||    72
  Use: Scroll            ||     2
       Potion            ||     1
 Stab: Sleeping          ||     3
Armor: Robe              ||     2
       Ring mail         ||    23
Dodge: Dodged            ||    28

Table legend: (Time is in decaauts)
 A = Elapsed time spent in this place.
 B = Non-inter-level travel time spent in this place.
 C = Inter-level travel time spent in this place.
 D = Time resting spent in this place.
 E = Time spent auto-exploring this place.
 F = Levels seen in this place.
 G = Mean time per level.
                   A        B        C        D        E       F      G
               +--------+--------+--------+--------+--------+-----+--------+
         Total |   1255 |   1148 |    107 |      0 |    964 |   2 |  627.5 |
       Dungeon |   1255 |   1148 |    107 |      0 |    964 |   2 |  627.5 |
               +--------+--------+--------+--------+--------+-----+--------+

Top non-repeatable levels by time:
     D:1: 1081 daAuts
     D:2: 174 daAuts
